 Dungeon Crawl Stone Soup version 0.29-a0-364-g921d912d32 (webtiles) character file.

Game seed: 17449959254878191748

109 quokkamancerX the Charlatan (level 5, -5/41 HPs)
             Began as a Human Artificer on Apr 30, 2022.
             Was a Follower of Vehumet.
             Killed by nerve-wracking pain
             ... invoked by an orc priest
              (8 damage)
             ... on level 4 of the Dungeon.
             The game lasted 00:19:45 (3510 turns).

quokkamancerX the Charlatan (Human Artificer)       Turns: 3510, Time: 00:19:46

Health: -5/41      AC:  6    Str: 14    XL:     5   Next: 13%
Magic:  5/5        EV:  9    Int: 12    God:    Vehumet [*.....]
Gold:   48         SH:  0    Dex: 13    Spells: 4/4 levels left

rFire   . . .      SeeInvis .   u - +0 rapier
rCold   + . .      Faith    .   (no shield)
rNeg    . . .      Spirit   .   h - +0 scale mail
rPois   .          Reflect  .   (no helmet)
rElec   .          Harm     .   (no cloak)
rCorr   .          Rampage  .   (no gloves)
Will    .....                   (no boots)
Stlth   ..........              (no amulet)
HPRegen 0.13/turn               k - ring of protection from cold
MPRegen 0.09/turn               (no ring)

@: no status effects
A: no striking features
a: Renounce Religion


You were on level 4 of the Dungeon.
You worshipped Vehumet.
Vehumet was aware of your devotion.
You visited 1 branch of the dungeon, and saw 4 of its levels.

You collected 162 gold pieces.
You spent 114 gold pieces at shops.

Inventory:

Hand Weapons
 u - a +0 rapier (weapon)
Missiles
 b - 59 stones (quivered)
 r - a throwing net
Armour
 h - a +0 scale mail (worn)
Jewellery
 k - a ring of protection from cold (left hand)
 s - an amulet of reflection
Wands
 c - a wand of flame (7)
 d - a wand of charming (15)
 e - a wand of iceblast (9)
Scrolls
 a - 3 scrolls of holy word {unknown}
 f - 3 scrolls of teleportation
 g - a scroll of enchant armour {unknown}
 l - 5 scrolls of identify {unknown}
 n - 2 scrolls of magic mapping
 o - a scroll of fog {unknown}
 q - a scroll of amnesia {unknown}
 t - a scroll of immolation {unknown}
Potions
 i - a potion of attraction {unknown}
 j - a potion of resistance
 m - a potion of degeneration {unknown}
 p - a potion of ambrosia {unknown}


   Skills:
 + Level 3.2 Fighting
 - Level 2.0 Armour
 - Level 1.0 Dodging
 - Level 1.0 Stealth
 + Level 4.3 Evocations


You had 4 spell levels left.
You didn't know any spells.
Your spell library contained the following spells:

 Spells                   Type           Power      Damage    Failure   Level
 Shock                    Conj/Air       0%         1d3       80%         1
 Animate Skeleton         Necr           0%         N/A       80%         1
 Apportation              Tloc           0%         N/A       80%         1
 Summon Small Mammal      Summ           0%         N/A       80%         1
 Blink                    Tloc           0%         N/A       91%         2
 Gell's Gravitas          Tloc           0%         N/A       99%         3
 Lesser Beckoning         Tloc           0%         N/A       99%         3
 Teleport Other           Tloc           0%         N/A       99%         3
 Manifold Assault         Tloc           0%         N/A       100%        5
 Dispersal                Tloc           0%         N/A       100%        6


Dungeon Overview and Level Annotations

Branches:
Dungeon (4/15)
 Temple: D:4-7

Altars:
Vehumet

Shops:
D:2 ?(:

Annotations:
D:4 Robin


Message History

You climb upwards.
There is a stone staircase leading down here.
There is a large open door here.
There is a large open door here.
There is a stone staircase leading down here.
You climb downwards.
Level annotation: Robin
There is a stone staircase leading up here. 2 orcs come into view.
An orc is wielding a +1 dagger of venom.
The orc shouts!
The orc hits you but does no damage.
You are poisoned.
You puncture the orc!
You kill the orc!
Vehumet accepts your kill.
You feel very sick.
An orc priest comes into view. It is wielding a +0 flail.
You feel sick.
You feel sick.
You closely miss the orc.
You feel sick. The orc closely misses you.
You hit the orc but do no damage.
You feel sick. The orc barely misses you.
You feel sick.
The orc priest hits you with a +0 flail!
The orc hits you with a +0 flail.
You hit the orc priest but do no damage.
You feel sick.
The orc priest hits you with a +0 flail.
The orc hits you but does no damage.
You barely miss the orc priest.
You feel sick.
You are no longer poisoned.
The orc priest closely misses you. The orc hits you but does no damage.
You completely miss the orc priest.
The orc priest hits you with a +0 flail!
* * * LOW HITPOINT WARNING * * *
The orc hits you with a +0 flail!
* * * LOW HITPOINT WARNING * * *
The orc priest invokes the aid of Beogh against you.
Pain shoots through your body!
You die...

#####
###....
#o).#
#.###
#o@<#
#####


You could see an orc priest and an orc.

Vanquished Creatures
  5 adders
  3 dart slugs
  8 orcs
  4 ball pythons
  5 endoplasms
  4 goblins
  6 hobgoblins
  4 jackals (D:1)
  2 quokkas
  2 bats (D:1)
  2 frilled lizards
  A kobold (D:1)
  3 rats
49 creatures vanquished.

Vanquished Creatures (others)
  7 fungi (D:3)
  86 plants
93 creatures vanquished.

Grand Total: 142 creatures vanquished

Notes
Turn   | Place    | Note
-------+----------+-------------------------------------------
     0 | D:1      | quokkamancerX the Human Artificer began the quest for the
                  | Orb.
     0 | D:1      | Reached XP level 1. HP: 15/15 MP: 1/1
   336 | D:1      | Reached XP level 2. HP: 15/21 MP: 2/2
   740 | D:1      | Reached XP level 3. HP: 21/27 MP: 3/3
  1187 | D:2      | Found Siubigat's Weapon Shoppe.
  1223 | D:2      | Found Fity's Magic Scroll Shoppe.
  1250 | D:2      | Reached XP level 4. HP: 31/34 MP: 4/4
  1522 | D:2      | Reached skill level 4 in Evocations
  1527 | D:2      | Found Jepsouc's Book Shop.
  2046 | D:2      | Bought a scroll of magic mapping for 42 gold pieces
  2046 | D:2      | Bought a scroll of teleportation for 36 gold pieces
  2046 | D:2      | Bought a scroll of teleportation for 36 gold pieces
  2655 | D:3      | Found a faded altar of an unknown god.
  2662 | D:3      | Prayed at the altar of an unknown god.
  2662 | D:3      | Became a worshipper of Vehumet
  2662 | D:3      | Reached * piety under Vehumet
  2662 | D:3      | Offered knowledge of Shock by Vehumet.
  3035 | D:3      | Reached XP level 5. HP: 35/41 MP: 5/5
  3463 | D:4      | Noticed a phantom
  3464 | D:4      | Noticed Robin
  3510 | D:4      | Killed from afar by an orc priest

Illustrated notes

Levels and vault maps discovered:
D:1:      roderic_crop_circles_arrival_large, layout_rooms
D:2:      wander_river, layout_loops_ring, serial_shops, nicolae_square_shop,
          shop, nicolae_shop_waterfront
D:3:      layout_basic, shapermc_ecumenical_altar_hornbeckon,
          corexii_hall_statues_u
D:4:      old_forge, layout_basic, nicolae_ashenzari_skybound, serial_shops,
          nicolae_square_shop, serial_corexii_hall, corexii_hall_statues_i,
          corexii_hall_statues_t, corexii_hall_statues_u,
          chequers_hall_statues_wall_a, chequers_hall_statues_y,
          corexii_hall_statues_t, st_stairs_11, uniq_duvessa,
          uniq_blork_the_orc, uniq_robin

Skill      XL: |  1  2  3  4 |
---------------+-------------+-----
Fighting       | 2 3 |  3.2
Evocations     | 4 |  4.3
Armour         | |  2.0
Dodging        | |  1.0
Stealth        | |  1.0

Action                   |  1- 3 |  4- 6 || total
-------------------------+-------+-------++-------
Melee: Club              |    42 |       ||    42
       Punch             |     1 |       ||     1
       Dagger            |    66 |    73 ||   139
       Rapier            |       |    12 ||    12
Throw: Stone             |    30 |    12 ||    42
Evoke: Wand              |     5 |     3 ||     8
Armor: Scale mail        |    32 |    31 ||    63
Dodge: Dodged            |    38 |    33 ||    71

Table legend: (Time is in decaauts)
 A = Elapsed time spent in this place.
 B = Non-inter-level travel time spent in this place.
 C = Inter-level travel time spent in this place.
 D = Time resting spent in this place.
 E = Time spent auto-exploring this place.
 F = Levels seen in this place.
 G = Mean time per level.
                   A        B        C        D        E       F      G
               +--------+--------+--------+--------+--------+-----+--------+
         Total |   3551 |   3323 |    228 |    772 |    874 |   4 |  887.8 |
       Dungeon |   3551 |   3323 |    228 |    772 |    874 |   4 |  887.8 |
               +--------+--------+--------+--------+--------+-----+--------+

Top non-repeatable levels by time:
     D:3: 1418 daAuts
     D:1: 1211 daAuts
     D:2: 895 daAuts
     D:4: 25 daAuts
